 Dungeon Crawl Stone Soup version 0.24.0-2-g5b39cebb1c (console) character file.

Game seed: 2101370062935835505, levelgen mode: deterministic

71 AlterAsc the Gusty (level 4, 0/25 HPs)
             Began as a Tengu Air Elementalist on Oct 29, 2019.
             Succumbed to an adder's poison
             ... on level 1 of the Dungeon.
             The game lasted 00:08:42 (951 turns).

AlterAsc the Gusty (Tengu Air Elementalist)          Turns: 951, Time: 00:08:42

Health: 0/25       AC:  3    Str:  9    XL:     4   Next: 24%
Magic:  0/8        EV: 13    Int: 16    God:
Gold:   61         SH:  0    Dex: 14    Spells: 1/7 levels left

rFire    . . .     SeeInvis .   g - +0 mace
rCold    . . .     Gourm    .   (no shield)
rNeg     . . .     Faith    .   a - +0 robe
rPois    .         Spirit   .   (helmet restricted)
rElec    .         Reflect  .   (no cloak)
rCorr    .         Harm     .   e - +0 pair of gloves
MR       .....                  (boots unavailable)
Stlth    ++........             (no amulet)
HPRegen  0.08/turn              (no ring)
MPRegen  0.11/turn              (no ring)

@: lethally poisoned (0 -> -5)
A: beak, talons 3
a: no special abilities


You were on level 1 of the Dungeon.
You were not hungry.

You visited 1 branch of the dungeon, and saw 2 of its levels.

You collected 61 gold pieces.

Inventory:

Hand Weapons
 g - a +0 mace (weapon)
Armour
 a - a +0 robe (worn)
 e - a +0 pair of gloves (worn)
 j - a +0 ring mail
Scrolls
 b - a scroll of blinking {unknown}
 f - a scroll of remove curse {unknown}
 h - a scroll of teleportation {unknown}
 i - 2 scrolls of identify {unknown}
Comestibles
 c - 3 rations
 d - a chunk of flesh


   Skills:
 + Level 1.2 Fighting
 + Level 2.8 Dodging
 - Level 2.5 Stealth
 * Level 2.4 Spellcasting
 + Level 2.4 Conjurations
 + Level 4.4 Air Magic


You had one spell level left.
You knew the following spells:

 Your Spells              Type           Power        Failure   Level  Hunger
a - Shock                 Conj/Air       ##..         4%          1    #......
b - Swiftness             Chrm/Air       #.......     12%         2    ###....
c - Static Discharge      Conj/Air       ##......     14%         3    ###....

Your spell library contained the following spells:

 Spells                   Type           Power        Failure   Level  Hunger
 Airstrike                Air            ###.......   32%         4    #####..
 Lightning Bolt           Conj/Air       ##........   80%         5    ######.


Dungeon Overview and Level Annotations

Branches:
Dungeon (2/15)

Altars:


Innate Abilities, Weirdness & Mutations

You have a beak for a mouth.
You have claws for feet.


Message History

The adder is almost dead.
The adder bites you. x2
* * * LOW HITPOINT WARNING * * *
You are lethally poisoned!
The adder poisons you!
You aren't carrying any potions.
Okay, then.
Press: ? - help, v - describe, . - travel The floor.
* * * LOW HITPOINT WARNING * * *
You feel sick.
* * * LOW HITPOINT WARNING * * *
You feel sick. The adder bites you.
* * * LOW HITPOINT WARNING * * *
* * * LOW HITPOINT WARNING * * *
You feel sick.
You hit the adder.
You kill the adder!
You die...

..#
#.################
..........##.....##
...#..............##
##.................#
##................#
#................#
#................#
###...).(.......@..#
....(..............#
(................>##
..........##.....##
.....#############
.....# .....# ######


There were no monsters in sight!

Vanquished Creatures
  Natasha (D:2)
  An adder (D:1)
  An ooze (D:1)
  2 dart slugs (D:1)
  5 giant cockroaches (D:1)
  7 goblins (D:1)
  3 hobgoblins (D:1)
  4 bats (D:1)
  2 kobolds (D:1)
  4 rats
30 creatures vanquished.

Notes
Turn   | Place    | Note
-------+----------+-------------------------------------------
     0 | D:1      | AlterAsc the Tengu Air Elementalist began the quest for the
                  | Orb.
     0 | D:1      | Reached XP level 1. HP: 10/10 MP: 4/4
   120 | D:1      | Reached XP level 2. HP: 15/15 MP: 3/6
   282 | D:1      | Reached XP level 3. HP: 20/20 MP: 0/7
   292 | D:1      | Learned a level 2 spell: Swiftness
   765 | D:2      | Noticed Natasha
   844 | D:1      | Learned a level 3 spell: Static Discharge
   916 | D:2      | Killed Natasha
   916 | D:2      | Reached skill level 1 in Fighting
   916 | D:2      | Reached XP level 4. HP: 21/25 MP: 0/8
   949 | D:1      | HP: 1/25 [poisoned by an adder]
   951 | D:1      | Succumbed to an adder's poison

Levels and vault maps discovered:
D:1:      dpeg_arrival_tiny_a, layout_rooms
D:2:      layout_basic, uniq_natasha

Skill      XL: |  1  2  3 |
---------------+----------+-----
Conjurations   | 2 |  2.4
Fighting       | 1 |  1.2
Dodging        | |  2.8
Stealth        | |  2.5
Spellcasting   | |  2.4
Air Magic      | |  4.4

Action                   |  1- 3 |  4- 6 || total
-------------------------+-------+-------++-------
Melee: Mace              |     4 |     4 ||     8
       Unarmed           |     2 |       ||     2
       Peck              |     2 |       ||     2
       Kick              |       |     1 ||     1
 Cast: Shock             |    52 |     4 ||    56
       Static Discharge  |     3 |       ||     3
  Eat: Chunk             |     1 |       ||     1
Armor: Robe              |     5 |     4 ||     9
Dodge: Dodged            |    23 |     6 ||    29
